 Dungeon Crawl Stone Soup version 0.24.0-35-gdb84b6a5db (webtiles) character file.

Game seed: 9969199149161894320, levelgen mode: deterministic

7373 Flugslaktarn the Cleaver (level 10, -8/91 HPs)
             Began as a Minotaur Monk on Nov 17, 2019.
             Was the Champion of Cheibriados.
             Mangled by an orc warrior
             ... wielding a +0 broad axe
              (12 damage)
             ... in a bailey.
             The game lasted 00:05:02 (7908 turns).

Flugslaktarn the Cleaver (Minotaur Monk)            Turns: 7908, Time: 00:05:03

Health: -8/91      AC: 11    Str: 34    XL:     10   Next: 91%
Magic:  13/13      EV: 19    Int: 25    God:    Cheibriados [******]
Gold:   192        SH:  0    Dex: 31    Spells: 9/9 levels left

rFire    . . .     SeeInvis .   c - +0 broad axe
rCold    + . .     Gourm    .   (no shield)
rNeg     . . .     Faith    .   b - +1 scale mail "Cann" {rElec rPois rC+ Int-2 Dex+3} (curse)
rPois    +         Spirit   .   (helmet restricted)
rElec    +         Reflect  .   (no cloak)
rCorr    .         Harm     .   (no gloves)
MR       .....                  n - +1 pair of boots
Stlth    ++........             (no amulet)
HPRegen  0.25/turn              (no ring)
MPRegen  0.13/turn              (no ring)

@: brilliant, very slow
A: retaliatory headbutt, horns 2
a: Bend Time, Temporal Distortion, Slouch, Step From Time, Renounce Religion


You were in a bailey.
You worshipped Cheibriados.
Cheibriados was exalted by your worship.
You were not hungry.

You visited 1 branch of the dungeon, and saw 9 of its levels.
You also visited: Bailey.

You collected 431 gold pieces.
You spent 239 gold pieces at shops.

Inventory:

Hand Weapons
 c - a +0 broad axe (weapon)
   (You found it on level 5 of the Dungeon)
 D - a +0 hand axe of flaming
   (You found it on level 9 of the Dungeon)
Missiles
 y - 4 throwing nets (quivered)
Armour
 b - the cursed +1 scale mail "Cann" (worn) {rElec rPois rC+ Int-2 Dex+3}
   (You found it on level 4 of the Dungeon)

   It affects your intelligence (-2).
   It affects your dexterity (+3).
   It protects you from cold.
   It insulates you from electricity.
   It protects you from poison.
   It has a curse placed upon it.
 m - a +0 scale mail
   (You took it off an orc on level 3 of the Dungeon)
 n - a +1 pair of boots (worn)
   (You bought it in a shop on level 5 of the Dungeon)
Jewellery
 l - an uncursed amulet of harm {unknown}
   (You found it on level 5 of the Dungeon)
Wands
 x - a wand of enslavement (10)
   (You found it on level 6 of the Dungeon)
Scrolls
 f - a scroll of summoning {unknown}
 g - a scroll of fear
 i - 4 scrolls of enchant armour
 k - 2 scrolls of amnesia
 o - 5 scrolls of magic mapping {unknown}
 r - 10 scrolls of identify
 t - 11 scrolls of teleportation
 u - a scroll of enchant weapon {unknown}
 A - a scroll of blinking {unknown}
 E - 3 scrolls of remove curse
Potions
 a - a potion of berserk rage {unknown}
 d - 2 potions of curing {unknown}
 h - 2 potions of haste
 j - a potion of magic
 p - a potion of resistance {unknown}
 q - a potion of might {unknown}
 s - a potion of agility
 z - a potion of ambrosia
 B - a potion of degeneration {unknown}
 C - 3 potions of brilliance
Miscellaneous
 v - a box of beasts
Comestibles
 e - 20 rations


   Skills:
 + Level 9.1 Fighting
 * Level 12.1 Axes
 + Level 8.3 Armour
 + Level 8.0 Dodging
 - Level 1.5 Stealth
 + Level 6.4 Invocations


You had 9 spell levels left.
You didn't know any spells.
Your spell library was empty.

Dungeon Overview and Level Annotations

Branches:
Dungeon (9/15)             Temple (0/1) D:5          Bailey (1/1)
   Lair: D:8-11         Orc: D:9-12

Altars:
Cheibriados
Dithmenos
Okawaru
Wu Jian
Yredelemnul

Shops:
D:5 [   D:6 *

Annotations:
D:3 2 transporters


Innate Abilities, Weirdness & Mutations

You reflexively headbutt those who attack you in melee.
You have a pair of horns on your head.


Message History

You slice the gnoll!!
You kill the gnoll!
Cheibriados appreciates the change of pace.
Your surroundings suddenly seem different.
An orc warrior comes into view. It is wielding a +0 broad axe.
Found a crystal ball of energy.
Unknown command.
Evoke which item? (* to show all) (? for menu, Esc to quit)
Okay, then.
It was a potion of brilliance.
You feel clever all of a sudden.
You slash the orc warrior!
You headbutt the orc warrior, but do no damage.
The orc warrior is moderately wounded.
The orc warrior completely misses you. You furiously retaliate!
You headbutt the orc warrior! You hit the orc warrior.
Your headbutt misses the orc warrior.
The orc warrior is almost dead.
The orc warrior hits you with a +0 broad axe!
You die...

#######....)⌠.....#######
##.....##........)##.....##
#.....).'.........'.......#
##.....).##.......##.......##
#......)).#.......#.........#
#.........##.....##.........##
.....⌠.....#######.....⌠.....#
#.........##.....##.........##
#.........#.....@}#.........#
##.......##.....o.##.......##
#.......#.........#.......#
##.....##.........##..)))##
##'####...........####'##
##)))..##.........##.....##
#.......#.........#.......#
##.......##.......##.......##
#.........#...... #.........#


You could see an orc warrior.

Vanquished Creatures
  An orc warlord (Bailey)
  An orc knight (Bailey)
  A hungry ghost (D:8)
  3 water moccasins
  15 orc warriors
  3 ice beasts
  A sky beast (D:8)
  A black bear (D:3)
  An eye of draining (D:9)
  A phantom (D:7)
  5 ogres
  7 bullfrogs
  2 gnoll sergeants
  A water moccasin skeleton (D:5)
  10 killer bees
  2 howler monkeys
  2 crimson imps
  A jelly (D:8)
  A quasit (D:9)
  A hound (D:9)
  A centaur skeleton (D:4)
  A centaur zombie (D:8)
  3 orc priests
  A gnoll shaman (D:6)
  4 iguanas
  6 worker ants
  7 orc wizards
  A hound zombie (D:5)
  A hound skeleton (D:4)
  A worker ant zombie (D:8)
  54 gnolls
  8 adders
  A shadow imp (D:5)
  An ooze (D:2)
  3 worms
  A dart slug (D:3)
  5 leopard geckos
  43 orcs
  4 ball pythons
  3 bats
  4 giant cockroaches
  26 goblins
  25 hobgoblins
  26 jackals
  2 quokkas
  18 frilled lizards
  A jackal zombie (D:6)
  9 kobolds
  A leopard gecko skeleton (D:4)
  A leopard gecko zombie (D:6)
  A quokka zombie (D:5)
  7 rats
330 creatures vanquished.

Notes
Turn   | Place    | Note
-------+----------+-------------------------------------------
     0 | D:1      | Flugslaktarn the Minotaur Monk began the quest for the Orb.
     0 | D:1      | Reached XP level 1. HP: 19/19 MP: 0/0
   303 | D:1      | Reached skill level 4 in Axes
   303 | D:1      | Reached XP level 2. HP: 23/27 MP: 1/1
   387 | D:1      | Reached skill level 1 in Armour
  1014 | D:2      | Found a snail-covered altar of Cheibriados.
  1024 | D:2      | Reached XP level 3. HP: 21/33 MP: 2/2
  1037 | D:2      | Became a worshipper of Cheibriados the Contemplative
  1037 | D:2      | Reached * piety under Cheibriados
  1037 | D:2      | Reached ** piety under Cheibriados
  1805 | D:3      | Noticed an ice beast
  1808 | D:3      | Reached XP level 4. HP: 40/40 MP: 3/3
  1814 | D:3      | Killed an ice beast
  1814 | D:3      | Reached skill level 5 in Axes
  1814 | D:3      | Reached skill level 1 in Invocations
  1814 | D:3      | Reached XP level 5. HP: 40/47 MP: 4/4
  2084 | D:3      | Reached *** piety under Cheibriados
  2328 | D:3      | Found a basalt altar of Yredelemnul.
  2328 | D:3      | Found a transporter.
  2347 | D:3      | Noticed a hungry ghost
  2350 | D:3      | Found a transporter.
  2405 | D:3      | Found an ornate altar of the Wu Jian Council.
  2410 | D:3      | Reached **** piety under Cheibriados
  2485 | D:3      | Noticed a black bear
  2492 | D:3      | Killed a black bear
  2492 | D:3      | Reached skill level 6 in Axes
  2492 | D:3      | Reached XP level 6. HP: 35/55 MP: 6/6
  2843 | D:4      | Got a scorched scale mail
  2854 | D:4      | Identified the cursed +1 scale mail "Cann" {rElec rPois rC+
                  | Int-2 Dex+3} (You found it on level 4 of the Dungeon)
  2864 | D:4      | Reached skill level 5 in Fighting
  3024 | D:4      | Reached ***** piety under Cheibriados
  3076 | D:4      | Reached XP level 7. HP: 47/61 MP: 7/7
  3250 | D:4      | Found an iron altar of Okawaru.
  3541 | D:5      | Entered Level 5 of the Dungeon
  3541 | D:5      | Found a staircase to the Ecumenical Temple.
  3547 | D:5      | Reached skill level 7 in Axes
  3749 | D:5      | Found Turghaf's Armour Shop.
  3759 | D:5      | Bought a +1 pair of boots for 149 gold pieces
  3788 | D:5      | Reached skill level 5 in Dodging
  3788 | D:5      | Reached XP level 8. HP: 58/70 MP: 9/9
  4288 | D:6      | Reached skill level 8 in Axes
  4304 | D:6      | Reached skill level 5 in Armour
  4309 | D:6      | Reached ****** piety under Cheibriados
  4549 | D:6      | Found Maukhlung's General Store.
  4751 | D:6      | Bought 3 scrolls of teleportation for 90 gold pieces
  5236 | D:7      | Found a shadowy altar of Dithmenos.
  5288 | D:7      | Reached skill level 9 in Axes
  5492 | D:7      | Reached XP level 9. HP: 78/78 MP: 11/11
  6274 | D:8      | Reached skill level 10 in Axes
  6384 | D:8      | Reached skill level 5 in Invocations
  6817 | D:9      | Reached XP level 10. HP: 88/88 MP: 11/13
  6891 | D:9      | Found a flagged portal.
  6929 | Bailey   | Entered a bailey
  6953 | Bailey   | Reached skill level 11 in Axes
  7645 | Bailey   | Noticed an orc warlord
  7645 | Bailey   | Noticed an orc knight
  7657 | Bailey   | Killed an orc knight
  7900 | Bailey   | HP: 2/90 [orc warlord/+2 long sword of holy wrath (20)]
  7901 | Bailey   | Killed an orc warlord
  7901 | Bailey   | Reached skill level 12 in Axes
  7905 | Bailey   | Identified the ring of the Mutiny {+Blink Int+2 Slay+3}
  7908 | Bailey   | Mangled by an orc warrior

Levels and vault maps discovered:
D:1:      nagdon_arrival_zigzag_paths, layout_loops_corners
D:2:      layout_rooms, cheibriados_altar_1
D:3:      layout_rooms, nicolae_overflow_crystal_walls,
          gammafunk_temple_overflow_arena, first_ration, minmay_lizard_king
D:4:      layout_rooms, okawaru_metal_pillars_3
D:5:      layout_gridville, minmay_temple_entry_offerings, serial_shops,
          nicolae_shop_crystal
D:6:      lemuel_castle_with_subvaults [lemuel_castle_interior_carwin_2],
          layout_basic, serial_shops, shop, palyth_stone_intersect,
          minmay_misc_feat_enclosed
D:7:      layout_cave_pools, grunt_dithmenos_smoke_and_mirrors
D:8:      layout_loops_ring
D:9:      layout_long_grid, enter_bailey_2, serial_shops,
          nicolae_shop_statue_plus
Bailey:   bailey_axe_minmay_hex_keep, bailey

Skill      XL: |  1  2  3  4  5  6  7  8  9 10 |
---------------+-------------------------------+-----
Axes           | 4 5 6 7 9 10 12 | 12.1
Armour         | 1 2 3 4 5 7 8 |  8.3
Fighting       | 4 5 6 8 9 |  9.1
Invocations    | 1 2 3 4 5 6 |  6.4
Dodging        | 4 5 7 8 |  8.0
Stealth        | |  1.5

Action                   |  1- 3 |  4- 6 |  7- 9 | 10-12 || total
-------------------------+-------+-------+-------+-------++-------
Melee: Hand axe          |    79 |    90 |    24 |       ||   193
       Headbutt          |    15 |    27 |    68 |    38 ||   148
       Broad axe         |       |       |   191 |    89 ||   280
Invok: Slouch            |       |       |       |     2 ||     2
  Use: Scroll            |       |     8 |       |     3 ||    11
       Potion            |       |       |       |     2 ||     2
 Stab: Sleeping          |     4 |     1 |     2 |       ||     7
       Distracted        |       |     2 |     1 |     2 ||     5
  Eat: Chunk             |     1 |     2 |     7 |     2 ||    12
Armor: Robe              |    12 |    10 |       |       ||    22
       Scale mail        |       |    12 |    76 |    10 ||    98
Dodge: Dodged            |    48 |    77 |   237 |    75 ||   437
